AoeStats
← Ragna265

Four Lakes

510119973Analyzed
1v1 RM · 3d ago on Sep 29, 2026· 36m 8s· 2 players
Game mode
Random Map
Map size
Tiny (2 player)
Population
200
Speed
Normal
Resources
Standard
Victory
Conquest
Starting age
Dark Age
Ending age
Imperial Age
RankedLock teamsTeams togetherTeam positionsShared explorationLock speedFull tech treeHidden civsTurbo modeCheats
Victory
Defeat
🇧🇷 Japanese · Brazil
408
+16
🇦🇷 Vietnamese · Argentina
406
-16
Ragna265
1:10 Loom
10:58 Feudal Age
12:36 Double-Bit Axe
14:26 Town Watch
14:59 Horse Collar
17:06 Wheelbarrow
16:52 Forging
23:06 Castle Age
22:53 Fletching
28:06 Elite Skirmisher
29:11 Hand Cart
29:55 Town Patrol
31:32 Heavy Plow
32:37 Chatras
33:44 Murder Holes
35:21 Bow Saw
Kb
11:09 Feudal Age
11:37 Double-Bit Axe
11:35 Horse Collar
11:47 Fishing Lines
21:37 Castle Age
21:28 Wheelbarrow
22:32 Fletching
24:23 Elite Skirmisher
25:40 Squires
25:56 Gillnets
29:01 Gold Mining
29:04 Stone Mining
33:41 Imperial Age
31:59 Gold Shaft Mining
36:16 Kataparuto
Connection lost

Rejoining the realm…

Still unreachable

The connection could not be restored.

Session expired

The server has moved on; the page needs a fresh start.